 Dungeon Crawl Stone Soup version 0.19.5 (webtiles) character file.

46 Lostpass the Poker (level 3, -1/28 HPs)
             Began as a Merfolk Skald on Mar 10, 2017.
             Slain by Sigmund
             ... wielding a +0 scythe
              (12 damage)
             ... on level 3 of the Dungeon.
             The game lasted 00:14:06 (2098 turns).

Lostpass the Poker (Merfolk Skald)                  Turns: 2098, Time: 00:14:07

Health: -1/28      AC:  5    Str: 12    XL:     3   Next: 66%
Magic:  5/6        EV: 12    Int: 11    God:
Gold:   83         SH:  0    Dex: 14    Spells: 3 memorised, 1 level left

rFire  . . .     SeeInvis .     a - +0 spear
rCold  . . .     Gourm    .     b - +0 leather armour
rNeg   . . .     Faith    .     (no shield)
rPois  .         Spirit   .     (no helmet)
rElec  .         Reflect  .     i - +0 cloak
rCorr  .         Harm     .     (no gloves)
MR     .....                    m - +0 pair of boots
Stlth  +.........               (no amulet)
                                (no ring)
                                (no ring)

@: confused
A: change form in water, swift swim, stealthy swim
a: no special abilities


You were on level 3 of the Dungeon.
You were not hungry.

You visited 1 branch of the dungeon, and saw 3 of its levels.

You collected 83 gold pieces.

Inventory:

Hand Weapons
 a - a +0 spear (weapon)
Armour
 b - a +0 leather armour (worn)
 i - a +0 cloak (worn)
 m - a +0 pair of boots (worn)
Scrolls
 e - a scroll of remove curse
 g - a scroll of identify
 j - a scroll of recharging {unknown}
 l - a scroll of teleportation
Books
 c - a book of Battle

   Spells                             Type                      Level
   a - Infusion                       Charms                       1
   b - Shroud of Golubria             Charms/Translocation         2
   c - Song of Slaying                Charms                       2
   d - Spectral Weapon                Hexes/Charms                 3
   e - Regeneration                   Charms/Necromancy            3
Comestibles
 d - 3 bread rations
 f - a slice of pizza
 h - 2 chunks of flesh
 k - 2 fruits


   Skills:
 + Level 2.4 Fighting
 + Level 4.0 Polearms
 + Level 0.8 Armour
 * Level 2.0 Dodging
 + Level 2.3 Spellcasting
 + Level 3.7 Charms


You had one spell level left.
You knew the following spells:

 Your Spells              Type           Power        Failure   Level  Hunger
a - Infusion              Chrm           #...         10%         1    ##.....
b - Shroud of Golubria    Chrm/Tloc      #.........   30%         2    ###....
c - Song of Slaying       Chrm           #.......     14%         2    ###....


Dungeon Overview and Level Annotations

Branches:
Dungeon (3/15)

Altars:
Gozag
Nemelex Xobeh

Annotations:
D:3 Sigmund


Message History

The magic dart hits you! The bat hits you. The bat barely misses you.
Sigmund casts a spell.
Sigmund flickers and vanishes!
Deactivating autopickup; reactivate with Ctrl-A.
The bat barely misses you. The bat hits you.
The bat hits you but does no damage. The bat misses you.
The bat hits you but does no damage.
You are confused.
You bump into the rock wall.
The bat closely misses you. The bat misses you.
You're too confused to move!
The bat hits you. The bat barely misses you.
You bump into the rock wall.
The bat hits you but does no damage.
You bump into the rock wall.
The bat misses you.
You're too confused to move!
The bat hits you but does no damage. The bat closely misses you.
Something hits you!
You die...

#. .# #.#.######### #. .#
#.#.# # #. .# #.#.# # #. .#
#.#.# ##### #.## ##.#
#.#.#####.... #.##.###.#
##.........### #....<#..#
##......###....
######.#)#######...#....##.###
###.....@b.g..#........
#########...##...##.##
#######.###.# #.# #g# #.# )#
..


You could see a hobgoblin and a bat.

Vanquished Creatures
  An adder (D:2)
  An ooze (D:1)
  2 worms
  A leopard gecko (D:1)
  An orc (D:3)
  A giant cockroach (D:2)
  4 goblins
  3 kobolds
  2 bats (D:1)
  6 frilled lizards
  5 rats
27 creatures vanquished.

Notes
Turn   | Place    | Note
-------+----------+-------------------------------------------
     0 | D:1      | Lostpass the Merfolk Skald began the quest for the Orb.
     0 | D:1      | Reached XP level 1. HP: 16/16 MP: 3/3
   199 | D:1      | Reached XP level 2. HP: 20/22 MP: 5/5
   206 | D:1      | Learned a level 2 spell: Shroud of Golubria
   209 | D:1      | Learned a level 2 spell: Song of Slaying
   860 | D:2      | Found a sparkling altar of Nemelex Xobeh.
   860 | D:2      | Found an opulent altar of Gozag.
  1509 | D:2      | Reached XP level 3. HP: 18/28 MP: 1/6
  2033 | D:3      | Reached skill level 4 in Polearms
  2056 | D:3      | Noticed Sigmund
  2098 | D:3      | Slain by Sigmund

Skill      XL: |  1  2  3 |
---------------+----------+-----
Dodging        | 2 |  2.0
Polearms       | 4 |  4.0
Fighting       | |  2.4
Armour         | |  0.8
Spellcasting   | |  2.3
Charms         | |  3.7

Action                   || total
-------------------------++-------
Melee: Spear             ||   115
 Cast: Shroud of Golubri ||    10
       Infusion          ||     2
  Use: Scroll            ||     4
       Potion            ||     3
  Eat: Chunk             ||     1
       Meat ration       ||     1
Armor: Leather armour    ||    24
Dodge: Dodged            ||    61
